EVO
UNIVERSITY OF ILLINOIS FIGHTING ILLINI @ OHIO STATE UNIVERSITY BUCKEYES
11/20/2049
 
TOP OF THE 1ST
University of California Golden Bears batting - Pitching for University of Illinois Fighting Illini : LHP Matt Rossiter
Pitching: LHP Matt Rossiter
Batting: LHB Eric Gaugler 0-0: Ball
1-0: Ball
2-0: Ground out 4-3 (Groundball, 4, EV 82.5 MPH)
Batting: RHB Mario Diaz 0-0: Ball
1-0: Called Strike
1-1: Foul Ball, location: 2F
1-2: Strikes out swinging
Batting: LHB Carlos Gaona 0-0: Ball
1-0: Ground out 6-3 (Groundball, 6, EV 106.2 MPH)
Top of the 1st over - 0 runs, 0 hits, 0 errors, 0 left on base; University of California 0 - University of Illinois 0
BOTTOM OF THE 1ST
University of Illinois Fighting Illini batting - Pitching for University of California Golden Bears : RHP Michito Higashi
Pitching: RHP Michito Higashi
Batting: SHB Dan Strickland 0-0: Called Strike
0-1: Foul Ball, location: 2F
0-2: Foul Ball, location: 2F
0-2: Foul Ball, location: 2F
0-2: Ball
1-2: Ball
2-2: Foul Ball, location: 2F
2-2: Foul Ball, location: 2F
2-2: Ball
3-2: Foul Ball, location: 2F
3-2: Fly out, F8 (Flyball, 8RS, EV 93.1 MPH)
Batting: RHB Hugo Priego 0-0: Foul Ball, location: 2F
0-1: Ball
1-1: Ball
2-1: SINGLE (Line Drive, 78S, EV 108.8 MPH)
Batting: LHB Bill Kovac 0-0: Ball
1-0: Foul Ball, location: 2F
1-1: Called Strike
1-2: Fly out, F8 (Flyball, 8RD, EV 100.0 MPH)
Batting: LHB Fumito Sakurai 0-0: Foul Ball, location: 2F
0-1: Ball
1-1: Ball
2-1: Foul Ball, location: 2F
2-2: Fly out, F7 (Flyball, 7, EV 91.9 MPH)
Bottom of the 1st over - 0 runs, 1 hit, 0 errors, 1 left on base; University of California 0 - University of Illinois 0
TOP OF THE 2ND
University of California Golden Bears batting - Pitching for University of Illinois Fighting Illini : LHP Matt Rossiter
Batting: SHB Matsudaira Ikeda 0-0: Fly out, F8 (Line Drive, 8LD, EV 106.2 MPH)
Batting: RHB Nate Mahon 0-0: Foul Ball, location: 2F
0-1: Foul Ball, location: 2F
0-2: SINGLE (Flyball, 8RS, EV 96.2 MPH)
Batting: RHB Juan Debayle 0-0: Ball
1-0: Foul Ball, location: 2F
1-1: Swinging Strike
1-2: Strikes out swinging
Batting: RHB Alex Guerra 0-0: Ball
1-0: Ball
2-0: Called Strike
2-1: Fly out, F8 (Line Drive, 89D, EV 100.0 MPH)
Top of the 2nd over - 0 runs, 1 hit, 0 errors, 1 left on base; University of California 0 - University of Illinois 0
BOTTOM OF THE 2ND
University of Illinois Fighting Illini batting - Pitching for University of California Golden Bears : RHP Michito Higashi
Batting: LHB Alex Rivera 0-0: Called Strike
0-1: Ball
1-1: Foul Ball, location: 2F
1-2: Fly out, F8 (Flyball, 8RD, EV 109.4 MPH)
Batting: LHB Antonio Sandoval 0-0: Foul Ball, location: 2F
0-1: Ball
1-1: Ground out U3 (Groundball, 34S, EV 78.1 MPH)
Batting: RHB Cody Leonard 0-0: Ball
1-0: Foul Ball, location: 2F
1-1: Fly out, F7 (Line Drive, 78M, EV 104.4 MPH)
Bottom of the 2nd over - 0 runs, 0 hits, 0 errors, 0 left on base; University of California 0 - University of Illinois 0
TOP OF THE 3RD
University of California Golden Bears batting - Pitching for University of Illinois Fighting Illini : LHP Matt Rossiter
Batting: RHB Devon Healy 0-0: Called Strike
0-1: Swinging Strike
0-2: Ball
1-2: Strikes out swinging
Batting: RHB Domingas Saragoa 0-0: Foul Ball, location: 2F
0-1: Called Strike
0-2: Strikes out swinging
Batting: LHB Eric Gaugler 0-0: Called Strike
0-1: SINGLE (Groundball, 34, EV 107.5 MPH)
Batting: RHB Mario Diaz 0-0: Called Strike
0-1: Foul Ball, location: 2F
0-2: Ball
1-2: Foul Ball, location: 2F
1-2: Foul Ball, location: 2F
1-2: Foul Ball, location: 2F
1-2: Fly out, F9 (Flyball, 9D, EV 80.6 MPH)
Top of the 3rd over - 0 runs, 1 hit, 0 errors, 1 left on base; University of California 0 - University of Illinois 0
BOTTOM OF THE 3RD
University of Illinois Fighting Illini batting - Pitching for University of California Golden Bears : RHP Michito Higashi
Batting: RHB Fernando Acosta 0-0: Called Strike
0-1: Ball
1-1: Ball
2-1: SINGLE (Line Drive, 34D, EV 108.1 MPH)
Batting: LHB Clint Hanninen 0-0: Foul Ball, location: 2F
0-1: SINGLE (Line Drive, 89S, EV 85.6 MPH)
Fernando Acosta to second
Batting: SHB Dan Strickland 0-0: Ball
1-0: Foul Ball, location: 2F
1-1: Foul Ball, location: 2F
1-2: Ball
2-2: SINGLE (Line Drive, 78S, EV 103.8 MPH)
Fernando Acosta to third
Clint Hanninen to second
Batting: RHB Hugo Priego 0-0: Ball
1-0: Grounds into double play, 6-4-3 (Groundball, 6, EV 85.0 MPH)
Fernando Acosta scores
Clint Hanninen to third
Batting: LHB Bill Kovac 0-0: Ball
1-0: Ball
2-0: Foul Ball, location: 2F
2-1: Foul Ball, location: 2F
2-2: Ball
3-2: Foul Ball, location: 2F
3-2: Fly out, F7 (Flyball, 7S, EV 73.8 MPH)
Bottom of the 3rd over - 1 run, 3 hits, 0 errors, 1 left on base; University of California 0 - University of Illinois 1
TOP OF THE 4TH
University of California Golden Bears batting - Pitching for University of Illinois Fighting Illini : LHP Matt Rossiter
Batting: LHB Carlos Gaona 0-0: Called Strike
0-1: Ball
1-1: Ball
2-1: Foul Ball, location: 2F
2-2: Ground out 4-3 (Groundball, 4, EV 83.8 MPH)
Batting: SHB Matsudaira Ikeda 0-0: Fly out, F7 (Flyball, 7, EV 91.2 MPH)
Batting: RHB Nate Mahon 0-0: Called Strike
0-1: Ball
1-1: Ball
2-1: Foul Ball, location: 2F
2-2: Foul Ball, location: 2F
2-2: Strikes out swinging
Top of the 4th over - 0 runs, 0 hits, 0 errors, 0 left on base; University of California 0 - University of Illinois 1
BOTTOM OF THE 4TH
University of Illinois Fighting Illini batting - Pitching for University of California Golden Bears : RHP Michito Higashi
Batting: LHB Fumito Sakurai 0-0: Ball
1-0: Ball
2-0: Fly out, F7 (Flyball, 7, EV 79.4 MPH)
Batting: LHB Alex Rivera 0-0: Called Strike
0-1: Ball
1-1: Ball
2-1: Foul Ball, location: 2F
2-2: Ball
3-2: Ground out 4-3 (Groundball, 4, EV 78.1 MPH)
Batting: LHB Antonio Sandoval 0-0: Ball
1-0: Ball
2-0: SOLO HOME RUN (Line Drive, 9LD, EV 93.8 MPH), Distance : 355 ft
Batting: RHB Cody Leonard 0-0: Called Strike
0-1: Ball
1-1: Swinging Strike
1-2: Foul Ball, location: 2F
1-2: Foul Ball, location: 2F
1-2: Foul Ball, location: 2F
1-2: Foul Ball, location: 2F
1-2: Strikes out swinging
Bottom of the 4th over - 1 run, 1 hit, 0 errors, 0 left on base; University of California 0 - University of Illinois 2
TOP OF THE 5TH
University of California Golden Bears batting - Pitching for University of Illinois Fighting Illini : LHP Matt Rossiter
Batting: RHB Juan Debayle 0-0: Fly out, F8 (Flyball, 8RD, EV 92.5 MPH)
Batting: RHB Alex Guerra 0-0: Fly out, F9 (Line Drive, 9, EV 93.8 MPH)
Batting: RHB Devon Healy 0-0: Ball
1-0: Called Strike
1-1: DOUBLE (Line Drive, 7LS, EV 106.2 MPH)
Batting: RHB Domingas Saragoa 0-0: Ball
1-0: Ball
2-0: Ball
3-0: Called Strike
3-1: Foul Ball, location: 2F
3-2: Strikes out swinging
Top of the 5th over - 0 runs, 1 hit, 0 errors, 1 left on base; University of California 0 - University of Illinois 2
BOTTOM OF THE 5TH
University of Illinois Fighting Illini batting - Pitching for University of California Golden Bears : RHP Michito Higashi
Batting: RHB Fernando Acosta 0-0: Ball
1-0: Foul Ball, location: 2F
1-1: Ball
2-1: Foul Ball, location: 2F
2-2: SINGLE (Groundball, 56S, EV 66.9 MPH) (infield hit)
Batting: LHB Clint Hanninen 0-0: Ball
1-0: Sac Bunt to 15S - play at first, batter OUT! 1-3
Fernando Acosta to second
Pitching: LHP John van Asten
Batting: SHB Dan Strickland 0-0: Ball
1-0: Swinging Strike
1-1: Ball
2-1: Foul Ball, location: 2F
2-2: Foul Ball, location: 2F
2-2: Ball
3-2: Reached on error, E5 (Groundball, 56, EV 86.2 MPH)
Fernando Acosta scores
Batting: RHB Hugo Priego 0-0: Fly out, F7 (Flyball, 7S, EV 79.4 MPH)
Batting: LHB Bill Kovac 0-0: Foul Ball, location: 2F
0-1: Foul Ball, location: 2F
0-2: Strikes out swinging
Bottom of the 5th over - 1 run, 1 hit, 1 error, 1 left on base; University of California 0 - University of Illinois 3
TOP OF THE 6TH
University of California Golden Bears batting - Pitching for University of Illinois Fighting Illini : LHP Matt Rossiter
Batting: LHB Eric Gaugler 0-0: Called Strike
0-1: Swinging Strike
0-2: Strikes out looking
Batting: RHB Mario Diaz 0-0: Ball
1-0: Ball
2-0: Ground out 4-3 (Groundball, 34, EV 95.0 MPH)
Batting: LHB Carlos Gaona 0-0: Foul Ball, location: 2F
0-1: Ball
1-1: Ball
2-1: Fly out, F8 (Flyball, 89M, EV 82.5 MPH)
Top of the 6th over - 0 runs, 0 hits, 0 errors, 0 left on base; University of California 0 - University of Illinois 3
BOTTOM OF THE 6TH
University of Illinois Fighting Illini batting - Pitching for University of California Golden Bears : LHP John van Asten
Batting: LHB Fumito Sakurai 0-0: Foul Ball, location: 2F
0-1: Swinging Strike
0-2: Foul Ball, location: 2F
0-2: Ball
1-2: Strikes out swinging
Batting: LHB Alex Rivera 0-0: Called Strike
0-1: Fly out, F9 (Flyball, 9, EV 75.0 MPH)
Batting: LHB Antonio Sandoval 0-0: Called Strike
0-1: Ball
1-1: Swinging Strike
1-2: Ground out U3 (Groundball, 3, EV 101.9 MPH)
Bottom of the 6th over - 0 runs, 0 hits, 0 errors, 0 left on base; University of California 0 - University of Illinois 3
TOP OF THE 7TH
University of California Golden Bears batting - Pitching for University of Illinois Fighting Illini : LHP Matt Rossiter
Now in LF: Cody Leonard
Now in CF: Ernesto Mazas
Batting: SHB Matsudaira Ikeda 0-0: Called Strike
0-1: Ball
1-1: Ball
2-1: Foul Ball, location: 2F
2-2: Ball
3-2: Strikes out swinging
Batting: RHB Nate Mahon 0-0: Foul Ball, location: 2F
0-1: Ball
1-1: Swinging Strike
1-2: Ball
2-2: Strikes out looking
Batting: RHB Juan Debayle 0-0: Ball
1-0: Ball
2-0: Ball
3-0: Called Strike
3-1: Called Strike
3-2: Strikes out swinging
Top of the 7th over - 0 runs, 0 hits, 0 errors, 0 left on base; University of California 0 - University of Illinois 3
BOTTOM OF THE 7TH
University of Illinois Fighting Illini batting - Pitching for University of California Golden Bears : LHP John van Asten
Batting: RHB Cody Leonard 0-0: Ball
1-0: Called Strike
1-1: Ball
2-1: Called Strike
2-2: Foul Ball, location: 2F
2-2: Ball
3-2: Strikes out swinging
Batting: RHB Fernando Acosta 0-0: Called Strike
0-1: Ball
1-1: Swinging Strike
1-2: Foul Ball, location: 2F
1-2: Ball
2-2: Foul Ball, location: 2F
2-2: Ball
3-2: Fly out, F8 (Flyball, 8RD, EV 96.2 MPH)
Batting: LHB Clint Hanninen 0-0: Ball
1-0: Swinging Strike
1-1: Foul Ball, location: 2F
1-2: Strikes out looking
Bottom of the 7th over - 0 runs, 0 hits, 0 errors, 0 left on base; University of California 0 - University of Illinois 3
TOP OF THE 8TH
University of California Golden Bears batting - Pitching for University of Illinois Fighting Illini : LHP Matt Rossiter
Pitching: LHP Jim Roney
Batting: RHB Alex Guerra 0-0: Ground out 5-3 (Groundball, 56, EV 81.9 MPH)
Batting: RHB Devon Healy 0-0: Called Strike
0-1: Ball
1-1: Ground out 3-1 (Groundball, 34S, EV 93.1 MPH)
Batting: RHB Domingas Saragoa 0-0: Ball
1-0: Ball
2-0: Fly out, F9 (Flyball, 9S, EV 75.6 MPH)
Top of the 8th over - 0 runs, 0 hits, 0 errors, 0 left on base; University of California 0 - University of Illinois 3
BOTTOM OF THE 8TH
University of Illinois Fighting Illini batting - Pitching for University of California Golden Bears : LHP John van Asten
Pitching: LHP Jimmy Bolton
Batting: SHB Dan Strickland 0-0: Ground out 4-3 (Groundball, 4, EV 105.0 MPH)
Batting: RHB Hugo Priego 0-0: Fly out, F9 (Flyball, 9LSF, EV 94.4 MPH)
Batting: SHB Ernesto Mazas 0-0: Swinging Strike
0-1: Ball
1-1: Ball
2-1: SINGLE (Line Drive, 4D, EV 102.5 MPH)
Batting: LHB Fumito Sakurai 0-0: Swinging Strike
0-1: Ball
Ernesto Mazas is caught stealing 2nd base 2-6
Bottom of the 8th over - 0 runs, 1 hit, 0 errors, 0 left on base; University of California 0 - University of Illinois 3
TOP OF THE 9TH
University of California Golden Bears batting - Pitching for University of Illinois Fighting Illini : LHP Jim Roney
Pitching: RHP Lucas Uil
Pinch Hitting: LHB Luis Orellana 0-0: Called Strike
0-1: Ball
1-1: Ball
2-1: Ball
3-1: Base on Balls
Pinch Hitting: RHB RĂºbem Trancoso 0-0: Ball
1-0: Foul Ball, location: 2F
1-1: Fly out, F7 (Flyball, 7, EV 85.6 MPH)
Batting: LHB Carlos Gaona 0-0: Swinging Strike
0-1: Ball
1-1: Foul Ball, location: 2F
1-2: Ball
2-2: Fly out, F9 (Line Drive, 9D, EV 86.2 MPH)
Pinch Hitting: RHB Kasey Sands 0-0: Foul Ball, location: 2F
0-1: Swinging Strike
0-2: Foul Ball, location: 2F
0-2: Strikes out swinging
Top of the 9th over - 0 runs, 0 hits, 0 errors, 1 left on base; University of California 0 - University of Illinois 3
Sunday, July 16th , 2023 - OOTP Baseball 24.6 Build 69